 Dungeon Crawl Stone Soup version 0.28-a0-1624-g820543e53a (webtiles) character file.

Game seed: 1282589110897360174

357 croobank the Firebug (level 6, -4/45 HPs)
             Began as a Draconian Fire Elementalist on Jan 23, 2022.
             Was a Believer of Dithmenos.
             Slain by a gnoll shaman (6 damage)
             ... on level 4 of the Dungeon.
             The game lasted 00:18:30 (4697 turns).

croobank the Firebug (Draconian Fire Elementalist)  Turns: 4697, Time: 00:18:30

Health: -4/45      AC:  6    Str:  6 (11) XL:     6   Next: 37%
Magic:  3/10       EV: 12    Int: 15 (17) God:    Dithmenos [**....]
Gold:   172        SH:  0    Dex: 11 (13) Spells: 4/11 levels left

rFire   . . .      SeeInvis .   b - +0 dagger (protect)
rCold   . . .      Faith    .   (no shield)
rNeg    . . .      Spirit   .   (armour unavailable)
rPois   .          Reflect  .   (helmet restricted)
rElec   .          Harm     .   (no cloak)
rCorr   .          Rampage  .   (no gloves)
Will    .....                   (no boots)
Stlth   +.........              (no amulet)
HPRegen 0.15/turn               (no ring)
MPRegen 0.12/turn               (no ring)

@: lit by a corona, weak-willed, glowing
A: AC +6, unfitting armour, cold-blooded, agile 1, deterioration 2
a: Renounce Religion, Shadow Step


You were on level 4 of the Dungeon.
You worshipped Dithmenos.
Dithmenos was pleased with you.
You visited 1 branch of the dungeon, and saw 4 of its levels.

You collected 172 gold pieces.

Inventory:

Hand Weapons
 a - a +0 hunting sling
 b - a +0 dagger of protection (weapon)
Missiles
 c - 39 sling bullets
 e - 18 arrows
 f - 2 datura-tipped darts (quivered)
 i - 101 stones
 l - 8 poisoned darts
 n - 23 bolts
 q - 2 boomerangs
Scrolls
 d - a scroll of amnesia
 h - a scroll of identify
Potions
 g - a potion of degeneration
 k - a potion of heal wounds
 m - 2 potions of curing
 o - a potion of haste


   Skills:
 + Level 3.1 Dodging
 + Level 3.3 Stealth
 + Level 3.3 Spellcasting
 + Level 2.8 Conjurations
 + Level 4.2 Fire Magic


You had 4 spell levels left.
You knew the following spells:

 Your Spells              Type           Power      Damage    Failure   Level
a - Foxfire               Conj/Fire      52%        2x1d6     4%          1
b - Scorch                Fire           30%        2d7       5%          2
c - Flame Wave            Conj/Fire      13%        2d6       41%         4

Your spell library contained the following spells:

 Spells                   Type           Power      Damage    Failure   Level
 Conjure Flame            Conj/Fire      13%        6-21      14%         3
 Inner Flame              Hex/Fire       8%         N/A       24%         3
 Ozocubu's Armour         Ice            2%         N/A       52%         3
 Summon Ice Beast         Ice/Summ       2%         N/A       89%         4
 Summon Mana Viper        Hex/Summ       2%         N/A       99%         5
 Monstrous Menagerie      Summ           1%         N/A       100%        7
 Ozocubu's Refrigeration  Ice            1%         4d5       100%        7


Dungeon Overview and Level Annotations

Branches:
Dungeon (4/15)
 Temple: D:4-7

Altars:
Dithmenos

Annotations:
D:4 Dowan


Innate Abilities, Weirdness & Mutations

Your plain brown scales are hard. (AC +6)
You cannot fit into any form of body armour.
You are cold-blooded and may be slowed by cold attacks.
You are agile. (Dex +2)
Your body often deteriorates upon taking damage.


Message History

The gnoll shaman hits you with a +0 whip.
* * * LOW HITPOINT WARNING * * *
Casting: Scorch (safe; 5% risk of failure)
Confirm with . or Enter, or press ? or * to list all spells.
Flames lash Dowan.
Dowan is moderately wounded.
Dowan's fire resistance burns away.
You hear a shout!
The gnoll shaman hits you with a +0 whip.
* * * LOW HITPOINT WARNING * * *
Okay, then.
You open the door.
The gnoll shaman hits you but does no damage.
There is an open door here.
Found a pair of runed gloves.
Dowan is no longer more vulnerable to fire.
Dowan says, "My weaknesses are her strengths!"
Found a pair of gloves.
The gnoll shaman calls down the wrath of its god upon you.
You are outlined in light.
Dowan mumbles some strange words.
Dowan blinks!
The gnoll closely misses you.
Dowan points at you and mumbles some strange words.
The puff of frost hits you!
* * * LOW HITPOINT WARNING * * *
Your body deteriorates!
You feel weakened.
As you read the scroll labelled EVU ROINERYL, it crumbles to dust.
It is a scroll of identify.
o - a potion of haste
As you read the scroll labelled IHOYBE HIPREUZ, it crumbles to dust.
The creatures around you are filled with an inner flame!
It was a scroll of immolation.
The gnoll shaman misses you.
Dowan casts a spell.
Dowan blinks!
As you read the scroll labelled LINIDU UPNER, it crumbles to dust.
Magic quickly surges around you.
It was a scroll of vulnerability.
The gnoll misses you.
The gnoll shaman hits you with a +0 whip.
You die...

#.........#
#.........#
####.........#
#...........[#
####
#............#
#...
#............#
#...
#.[..........#
#...
#..gg#########
#... #...@#
#... #....#
#... #....#
#... ######
####


You could see a gnoll shaman (inner flame, weak-willed) and a gnoll (fast, inner
flame, weak-willed).

Vanquished Creatures
  A water moccasin (D:4)
  Terence (D:3)
  Robin (D:2)
  9 adders
  2 gnolls (D:4)
  An adder skeleton (D:4)
  An adder zombie (D:4)
  A worm (D:2)
  4 dart slugs
  6 orcs
  3 ball pythons
  6 bats
  8 endoplasms
  7 giant cockroaches
  11 hobgoblins
  5 kobolds
  3 quokkas
  2 frilled lizards
  15 goblins
  3 rats
90 creatures vanquished.

Vanquished Creatures (collateral kills)
  A kobold (D:1)
  A ball python (D:1)
2 creatures vanquished.

Vanquished Creatures (others)
  83 foxfires
83 creatures vanquished.

Grand Total: 175 creatures vanquished

Notes
Turn   | Place    | Note
-------+----------+-------------------------------------------
     0 | D:1      | croobank the Draconian Fire Elementalist began the quest
                  | for the Orb.
     0 | D:1      | Reached XP level 1. HP: 14/14 MP: 3/3
   365 | D:1      | Reached XP level 2. HP: 20/20 MP: 1/5
   415 | D:1      | Learned a level 2 spell: Scorch
  1081 | D:1      | Reached XP level 3. HP: 26/26 MP: 0/6
  1484 | D:1      | You fall into a shaft and drop 1 floor!
  1519 | D:2      | Gained mutation: Your body sometimes deteriorates upon
                  | taking damage. [potion of mutation]
  1519 | D:2      | Gained mutation: Your body often deteriorates upon taking
                  | damage. [potion of mutation]
  1519 | D:2      | Gained mutation: You are agile. (Dex +2) [potion of
                  | mutation]
  1590 | D:2      | Reached XP level 4. HP: 8/33 MP: 2/7
  1793 | D:2      | Noticed Robin
  1811 | D:2      | Killed Robin
  2391 | D:2      | Learned a level 4 spell: Flame Wave
  3189 | D:3      | Found a faded altar of an unknown god.
  3196 | D:3      | Prayed at the altar of an unknown god.
  3196 | D:3      | Became a worshipper of Dithmenos the Shadowed
  3196 | D:3      | Reached * piety under Dithmenos
  3339 | D:3      | Reached XP level 5. HP: 28/38 MP: 5/9
  3458 | D:3      | Noticed Terence
  3470 | D:3      | Killed Terence
  4252 | D:4      | Noticed a water moccasin
  4260 | D:4      | Killed a water moccasin
  4261 | D:4      | Reached skill level 4 in Fire Magic
  4261 | D:4      | Reached XP level 6. HP: 45/45 MP: 1/10
  4555 | D:4      | Reached ** piety under Dithmenos
  4652 | D:4      | Noticed Dowan
  4693 | D:4      | HP: 1/45 [Dowan/puff of frost (8)]
  4697 | D:4      | Slain by a gnoll shaman

Illustrated notes

Levels and vault maps discovered:
D:1:      giann_bridges, layout_loops_ring
D:2:      layout_loops_ring, uniq_robin
D:3:      layout_loops_ring, ebering_ecumenical_altar_rust, uniq_terence
D:4:      minmay_opposing_rooms, layout_basic, uniq_duvessa, uniq_blork_the_orc

Skill      XL: |  1  2  3  4  5 |
---------------+----------------+-----
Stealth        | 2 3 |  3.3
Dodging        | 2 3 |  3.1
Conjurations   | 2 |  2.8
Spellcasting   | 3 |  3.3
Fire Magic     | 4 |  4.2

Action                   |  1- 3 |  4- 6 || total
-------------------------+-------+-------++-------
Melee: Unarmed           |    87 |       ||    87
       Tailslap          |    14 |    31 ||    45
       Dagger            |    16 |   171 ||   187
 Cast: Foxfire           |    31 |    27 ||    58
       Scorch            |    14 |    45 ||    59
  Use: Scroll            |     2 |     3 ||     5
       Potion            |     1 |     2 ||     3
Armor: Skin              |    39 |    80 ||   119
Dodge: Dodged            |    76 |   133 ||   209

Table legend: (Time is in decaauts)
 A = Elapsed time spent in this place.
 B = Non-inter-level travel time spent in this place.
 C = Inter-level travel time spent in this place.
 D = Time resting spent in this place.
 E = Time spent auto-exploring this place.
 F = Levels seen in this place.
 G = Mean time per level.
                   A        B        C        D        E       F      G
               +--------+--------+--------+--------+--------+-----+--------+
         Total |   4698 |   4583 |    115 |    682 |   3059 |   4 | 1174.5 |
       Dungeon |   4698 |   4583 |    115 |    682 |   3059 |   4 | 1174.5 |
               +--------+--------+--------+--------+--------+-----+--------+

Top non-repeatable levels by time:
     D:1: 1637 daAuts
     D:2: 1427 daAuts
     D:3: 958 daAuts
     D:4: 674 daAuts
